 Dungeon Sprint DCSS version 0.27.1-33-g824d729ab1 (webtiles) character file.

Game seed: 11953535471920047208

631 manyhoops the Unseen (level 7, -4/41 HPs)
             Began as an Octopode Enchanter on Nov 29, 2021.
             Shot with an arrow by a centaur warrior (10 damage)
             ... in the Dungeon (Sprint I: "Red Sonja").
             The game lasted 00:01:24 (308 turns).

manyhoops the Unseen (Octopode Enchanter)            Turns: 308, Time: 00:01:25

Health: -4/41      AC:  1    Str:  7    XL:     7   Next: 48%
Magic:  8/10       EV: 13    Int: 17    God:
Gold:   297        SH:  0    Dex: 15    Spells: 1/10 levels left

rFire    . . .     SeeInvis .   a - +1 dagger
rCold    . . .     Faith    .   (no shield)
rNeg     . . .     Spirit   .   (helmet restricted)
rPois    .         Reflect  .   (no amulet)
rElec    .         Harm     .   (no ring)
rCorr    .         Rampage  .   (no ring)
Will     .....     NoTele   +   (no ring)
Stlth    ++++++++..             (no ring)
HPRegen  0.13/turn              (no ring)
MPRegen  0.12/turn              (no ring)
                                (no ring)
                                (no ring)

@: no status effects
A: almost no armour, amphibious, 8 rings, camouflage 1, gelatinous body 1,
(nimble swimmer 1), tentacles
a: no special abilities


You were in the Dungeon.
You visited 1 branch You collected 297 gold pieces.

Inventory:

Hand Weapons
 a - a +1 dagger (weapon)
Scrolls
 f - a scroll of enchant weapon {unknown}
Potions
 b - a potion of curing
 c - a potion of heal wounds
 d - a potion of haste
 e - 2 potions of magic
 h - a potion of experience {unknown}


   Skills:
 - Level 3.0 Short Blades
 - Level 2.0 Dodging
 + Level 19.9 Stealth
 - Level 2.0 Spellcasting
 - Level 3.0 Hexes


You had one spell level left.
You knew the following spells:

 Your Spells              Type           Power      Damage    Failure   Level
a - Corona                Hex            12%        N/A       5%          1
b - Ensorcelled Hibernat  Hex/Ice        12%        N/A       16%         2
c - Confusing Touch       Hex            11%        N/A       17%         3
d - Tukima's Dance        Hex            11%        N/A       17%         3

Your spell library contained the following spells:

 Spells                   Type           Power      Damage    Failure   Level
 Dazzling Flash           Conj/Hex       12%        N/A       30%         3


Dungeon Overview and Level Annotations

Branches:
Dungeon (1/1)

Altars:
Cheibriados
Dithmenos
Elyvilon
Fedhas
Gozag
Hepliaklqana
Kikubaaqudgha
Makhleb
Nemelex Xobeh
Okawaru
Qazlal
Ru
Sif Muna
Trog
Uskayaw
Vehumet
Wu Jian
Xom
Yredelemnul
Zin
The Shining One
Jiyva
Lugonu

Shops:
D =


Innate Abilities, Weirdness & Mutations

You cannot wear most types of armour.
You are amphibious.
You can wear up to eight rings at the same time.
Your skin changes colour to match your surroundings (Stealth+).
Your rubbery body absorbs attacks. (AC +1, EV +1)
((You are camouflaged near water. (Stealth+)))
You have tentacles for arms and can constrict up to eight enemies at once.


Message History

A slime creature comes into view.
Found four altars.
There is an open door here.
The helpless slime creature fails to defend itself.
You spit the slime creature like a pig!!!!
You kill the slime creature!
Your Stealth skill increases to level 19!
There is a shimmering altar of Xom here.
As you open the door, it creaks loudly!
Found 108 gold pieces.
There is an open door here.
There is an open door here.
There is an open door here.
You open the door.
A centaur warrior comes into view.
Found a chain mail and 26 stones.
A centaur warrior comes into view.
There is an open door here.
The centaur warrior moves out of view.
The centaur warrior shouts!
The centaur warrior wields a +0 shortbow.
The centaur warrior shoots an arrow.
The arrow hits you!
Unknown command.
Okay, then.
Blink to where?
Press: ? - help, Dir - move target
As you read the scroll of blinking, it crumbles to dust.
You close the door.
Something unseen opens the door.
There is an open door here.
The centaur warrior shoots an arrow.
The arrow hits you!
The centaur warrior shoots an arrow.
The arrow hits you!
* * * LOW HITPOINT WARNING * * *
Cast which spell? (? or * to list)
Aiming: Ensorcelled Hibernation (safe; 16% risk of failure)
Press: ? - help, Shift-Dir - straight line, f - centaur warrior
Aim: a centaur warrior, wielding a +0 shortbow and quivering arrows (chance to affect: 22%)
The centaur warrior resists with almost no effort.
The centaur warrior shoots an arrow.
The arrow hits you!
You die...

######################
#<.#..'..#.)'..#__#$$+
#..)..#.)'..#@.'..'$$#
#..#####'#####'#__####
#..####..#...#.####§§#
#..#__####..##.#§≈≈§c#
#..#_____##'#_.c§≈§§c+
#⌠⌠#_.∩...'..._#§§§..#
####_..__##_.#'##+####
#_____###+#[# #######
###


You could see a centaur warrior.

Vanquished Creatures
  A slime creature (D)
  Sigmund (D)
  A yak (D)
  An ogre (D)
  A jelly (D)
  Ijyb (D)
6 creatures vanquished.

Notes
Turn   | Place    | Note
-------+----------+-------------------------------------------
     0 | D        | manyhoops the Octopode Enchanter began the quest for the
                  | Orb.
     0 | D        | Reached XP level 1. HP: 11/11 MP: 3/3
     1 | D        | Noticed Ijyb
     7 | D        | Killed Ijyb
     8 | D        | Reached skill level 9 in Stealth
     8 | D        | Reached XP level 2. HP: 16/17 MP: 5/5
     8 | D        | Reached XP level 3. HP: 19/21 MP: 6/6
    53 | D        | Learned a level 2 spell: Ensorcelled Hibernation
    54 | D        | Noticed an ogre
    56 | D        | Killed an ogre
    57 | D        | Reached skill level 13 in Stealth
    57 | D        | Reached XP level 4. HP: 22/27 MP: 7/7
   110 | D        | Noticed Sigmund
   113 | D        | Killed Sigmund
   114 | D        | Reached skill level 16 in Stealth
   114 | D        | Reached XP level 5. HP: 31/31 MP: 8/8
   114 | D        | Reached XP level 6. HP: 36/36 MP: 9/9
   225 | D        | Found an ornate altar of the Wu Jian Council.
   225 | D        | Found a shimmering blue altar of Sif Muna.
   227 | D        | Found a radiant altar of Vehumet.
   243 | D        | Learned a level 3 spell: Confusing Touch
   247 | D        | Learned a level 3 spell: Tukima's Dance
   261 | D        | Found Jedd's Jewellery Emporium.
   261 | D        | Found an ancient bone altar of Kikubaaqudgha.
   261 | D        | Found a hazy altar of Hepliaklqana.
   261 | D        | Found a hide-covered altar of Uskayaw.
   261 | D        | Found a basalt altar of Yredelemnul.
   261 | D        | Found an opulent altar of Gozag.
   261 | D        | Found a snail-covered altar of Cheibriados.
   261 | D        | Found a sacrificial altar of Ru.
   261 | D        | Found a shadowy altar of Dithmenos.
   261 | D        | Noticed a yak
   262 | D        | Found a stormy altar of Qazlal.
   262 | D        | Found a blossoming altar of Fedhas.
   262 | D        | Found a bloodstained altar of Trog.
   262 | D        | Found an iron altar of Okawaru.
   262 | D        | Found a glowing golden altar of the Shining One.
   262 | D        | Found a glowing silver altar of Zin.
   262 | D        | Found a white marble altar of Elyvilon.
   263 | D        | Killed a yak
   264 | D        | Reached skill level 18 in Stealth
   264 | D        | Reached XP level 7. HP: 41/41 MP: 10/10
   264 | D        | Found a sparkling altar of Nemelex Xobeh.
   285 | D        | Found a burning altar of Makhleb.
   285 | D        | Found a viscous altar of Jiyva.
   285 | D        | Found a shimmering altar of Xom.
   285 | D        | Found a corrupted altar of Lugonu.
   285 | D        | Noticed a slime creature
   288 | D        | Killed a slime creature
   289 | D        | Reached skill level 19 in Stealth
   299 | D        | Noticed a centaur warrior
   300 | D        | Noticed a centaur warrior
   308 | D        | Shot with an arrow by a centaur warrior

Illustrated notes

Levels and vault maps discovered:
D:        dungeon_sprint_1 [red_sonja_temple_1, red_sonja_temple_small_1]

Skill      XL: |  1  2  3  4  5  6  7 |
---------------+----------------------+-----
Stealth        | 9 13 16 18 19 | 19.9
Short Blades   | 3 |  3.0
Dodging        | |  2.0
Spellcasting   | |  2.0
Hexes          | |  3.0

Action                   |  1- 3 |  4- 6 |  7- 9 || total
-------------------------+-------+-------+-------++-------
Melee: Dagger            |     6 |     3 |     1 ||    10
       Constrict         |     1 |       |       ||     1
 Cast: Ensorcelled Hiber |       |       |     1 ||     1
  Use: Potion            |     1 |       |       ||     1
       Scroll            |       |       |     1 ||     1
 Stab: Sleeping          |     1 |     3 |     1 ||     5
